AoeStats
← Dejá

Pilgrims

509698944Analyzed
2v2 RM · 3d ago on Sep 27, 2026· 24m 7s· 4 players
Game mode
Random Map
Map size
Medium (4 player)
Population
200
Speed
Normal
Resources
Standard
Victory
Conquest
Starting age
Dark Age
Ending age
Imperial Age
RankedLock teamsTeams togetherTeam positionsShared explorationLock speedFull tech treeHidden civsTurbo modeCheats
Victory
Defeat
🇳🇴 Japanese · Norway
1196
+16
🇦🇷 Persians · Argentina
1148
+18
🇮🇳 Mongols · India
1193
-17
🇺🇸 Byzantines · United States
1183
-17
blizzopop
11:25 Feudal Age
15:07 Castle Age
14:10 Double-Bit Axe
18:19 Gold Mining
18:56 Fletching
Karakootil Dasan
5:17 Loom
10:59 Feudal Age
13:05 Double-Bit Axe
17:12 Castle Age
16:34 Horse Collar
17:45 Bloodlines
18:33 Husbandry
23:05 Scale Barding Armor
24:04 Bow Saw
Johhey
5:11 Loom
11:42 Feudal Age
12:13 Man-at-Arms
13:22 Double-Bit Axe
13:22 Fishing Lines
13:57 Forging
13:47 Scale Mail Armor
14:25 Wheelbarrow
13:40 Arson
18:30 Castle Age
17:56 Horse Collar
20:00 Wheelbarrow
18:48 Long Swordsman
19:13 Gambesons
19:28 Squires
20:27 Chain Mail Armor
21:16 Heavy Plow
Dejá
6:14 Loom
9:48 Feudal Age
19:34 Castle Age
21:26 Gold Mining
Connection lost

Rejoining the realm…

Still unreachable

The connection could not be restored.

Session expired

The server has moved on; the page needs a fresh start.